AoeStats
← [NICE_ASS] BigMasi

Arabian Desert

509107814Analyzed
1v1 RM · 7d ago on Sep 25, 2026· 41m 55s· 2 players
Game mode
Random Map
Map size
Tiny (2 player)
Population
200
Speed
Normal
Resources
Standard
Victory
Conquest
Starting age
Dark Age
Ending age
Imperial Age
RankedLock teamsTeams togetherTeam positionsShared explorationLock speedFull tech treeHidden civsTurbo modeCheats
Victory
Defeat
🇨🇳 Byzantines · China
1364
+16
🇨🇭 Varangians · Switzerland
1367
-16
纷纷扰扰
6:49 Loom
10:08 Feudal Age
10:48 Double-Bit Axe
10:44 Horse Collar
15:55 Scale Mail Armor
15:46 Fletching
18:22 Forging
18:13 Padded Archer Armor
31:17 Castle Age
31:40 Crossbowman
32:23 Bodkin Arrow
34:54 Leather Archer Armor
35:25 Pikeman
39:31 Bow Saw
39:29 Heavy Plow
41:07 Ballistics
[NICE_ASS] BigMasi
6:21 Loom
10:02 Feudal Age
10:34 Double-Bit Axe
17:09 Bloodlines
20:37 Forging
25:10 Scale Barding Armor
26:23 Horse Collar
26:47 Man-at-Arms
29:31 Scale Mail Armor
35:52 Castle Age
35:53 Light Cavalry
41:36 Fletching
Connection lost

Rejoining the realm…

Still unreachable

The connection could not be restored.

Session expired

The server has moved on; the page needs a fresh start.